 Dungeon Crawl Stone Soup version 0.29.1-1-gd02db6906a (webtiles) character file.

Game seed: 7235846652040214250

10 gzilladon the Chopper (level 2, -1/27 HPs)
             Began as a Hill Orc Monk on Sept 23, 2022.
             Killed from afar by Natasha (5 damage)
             ... with a magic dart
             ... on level 3 of the Dungeon.
             The game lasted 00:01:08 (465 turns).

gzilladon the Chopper (Hill Orc Monk)                Turns: 465, Time: 00:01:08

Health: -1/27      AC:  2    Str: 13    XL:     2   Next: 20%
Magic:  2/2        EV: 12    Int: 10    God:
Gold:   11         SH:  0    Dex: 13    Spells: 1/1 levels left

rFire   . . .      SeeInvis .   a - +0 hand axe
rCold   . . .      Faith    .   (no shield)
rNeg    . . .      Spirit   .   b - +0 robe
rPois   .          Reflect  .   (no helmet)
rElec   .          Harm     .   (no cloak)
rCorr   .          Rampage  .   (no gloves)
Will    .....                   (no boots)
Stlth   ++........              (no amulet)
HPRegen 0.09/turn               (no ring)
MPRegen 0.08/turn               (no ring)

@: slowed, very slow
A: no striking features
a: no special abilities


You were on level 3 of the Dungeon.
You visited 1 branch of the dungeon, and saw 3 of its levels.

You collected 11 gold pieces.

Inventory:

Hand Weapons
 a - a +0 hand axe (weapon)
Missiles
 f - 5 stones (quivered)
Armour
 b - a +0 robe (worn)
Scrolls
 d - a scroll of torment {unknown}
Potions
 e - a potion of mutation {unknown}


   Skills:
 + Level 3.9 Fighting
 + Level 4.4 Axes
 + Level 2.5 Dodging
 + Level 1.5 Stealth


You had one spell level left.
You didn't know any spells.
Your spell library was empty.

Dungeon Overview and Level Annotations

Branches:
Dungeon (3/15)

Altars:

Annotations:
D:3 Natasha


Message History

You hit the ball python.
You kill the ball python!
You barely miss Natasha. You hit the quokka. You hit the bat.
The bat barely misses you. The quokka misses you.
The bat hits you but does no damage. Natasha barely misses you.
You hit the bat.
You kill the bat!
You miss the quokka. You barely miss Natasha. The quokka closely misses you.
Natasha claws you! The quokka bites you. Natasha misses you.
You closely miss the quokka.
The quokka is severely wounded.
You hit Natasha. The quokka bites you.
* * * LOW HITPOINT WARNING * * *
Natasha claws you but does no damage. The quokka closely misses you.
Natasha casts a spell at you.
You feel as though you will be slow longer.
You hit the quokka.
You kill the quokka!
You barely miss Natasha.
Natasha stares at you and mumbles some strange words.
The magic dart hits you.
* * * LOW HITPOINT WARNING * * *
You are confused.
You feel invigorated. Natasha claws you.
* * * LOW HITPOINT WARNING * * *
Natasha stares at you and mumbles some strange words.
You resist with significant effort.
You feel less invigorated.
You feel less confused.
Natasha hisses.
Natasha mumbles some strange words.
Natasha mumbles some strange words.
The crimson imp hits you.
* * * LOW HITPOINT WARNING * * *
Natasha claws you.
* * * LOW HITPOINT WARNING * * *
The crimson imp blinks!
Natasha casts a spell at you. The magic dart hits you.
You die...

############ #.......?..#
############ #.h........#
#.......)..###.@5.....?.#
#.########.......†......#
#.# #####..........# #.#
#..........# #.#
#5.........# #.#
...##.####### #.#
....##.# ##.# .....#..#
...### .......##


You could see Natasha, a crimson imp (summoned) and a white imp (summoned).

Vanquished Creatures
  A bat (D:3)
  2 goblins
  4 kobolds
  A quokka (D:3)
  A ball python (D:3)
9 creatures vanquished.

Notes
Turn   | Place    | Note
-------+----------+-------------------------------------------
     0 | D:1      | gzilladon the Hill Orc Monk began the quest for the Orb.
     0 | D:1      | Reached XP level 1. HP: 19/19 MP: 1/1
   443 | D:3      | Reached XP level 2. HP: 22/27 MP: 2/2
   452 | D:3      | Noticed Natasha
   463 | D:3      | Noticed a crimson imp
   465 | D:3      | Killed from afar by Natasha

Illustrated notes

Levels and vault maps discovered:
D:1:      dpeg_arrival_tiny_d, layout_loops_corners,
          hellmonk_ecumenical_altar_heavens_door
D:2:      layout_basic, kennysheep_generic_room_12
D:3:      layout_rooms, minitemple, mainiacjoe_overflow_six_doors_small,
          uniq_natasha

Action                   || total
-------------------------++-------
Melee: Hand axe          ||    38
  Use: Potion            ||     1
Armor: Robe              ||    14
Dodge: Dodged            ||    31
